 Dungeon Crawl Stone Soup version 0.31-a0-986-g5e6e4ef867 (webtiles) character file.

Game seed: 10908717883275130825

12817 monsoonserge the Grappler (level 11, 0/68 HPs)
             Began as an Octopode Shapeshifter on Nov 19, 2023.
             Was an Initiate of Gozag.
             Slain by a cane toad (18 damage)
             ... on level 1 of the Lair of Beasts.
             The game lasted 00:36:39 (13017 turns).

monsoonserge the Grappler (Octopode Shapeshifter)  Turns: 13017, Time: 00:36:44

Health: 0/68       AC:  1    Str: 18    XL:     11   Next: 99%
Magic:  11/11      EV: 17    Int: 12    God:    Gozag
Gold:   360        SH:  0    Dex: 18    Spells: 10/10 levels left

rFire   + .          .
                       - Unarmed
rCold   . . .        (shield currently unavailable)
rNeg    + . .        (helmet restricted)
rPois   +            O - amulet of Nuykyeje {rPois Regen+}
rElec   .            v - ring of see invisible
rCorr   .            E - ring of positive energy
SInv    +            F - +6 ring of dexterity
Will    .....        P - ring of protection from fire
Stlth   ++           (no ring)
HPRegen 1.11/turn    (no ring)
MPRegen 0.12/turn    (no ring)
                     (no ring)

%: no passive effects
@: lethally poisoned (0 -> -3), flux-form, glowing
A: glow, contaminating, almost no armour, amphibious, 8 rings, camouflage 1,
gelatinous body 1, (nimble swimmer 1), tentacles
a: Begin Untransformation, Renounce Religion, Potion Petition, Call Merchant,
Bribe Branch


You were on level 1 of the Lair of Beasts.
You worshipped Gozag.
Gozag was aware of your devotion.
You were something dangerously unstable.
You visited 3 branches of the dungeon, and saw 12 of its levels.
You also visited: Sewer.

You collected 1539 gold pieces.
You spent 1036 gold pieces at shops.
You paid 143 gold pieces to Gozag.

Inventory:

Missiles
 f - 2 boomerangs
 m - 47 poisoned darts
 s - 11 curare-tipped darts
Jewellery
 n - an amulet of magic regeneration
 p - an amulet of guardian spirit
 v - a ring of see invisible (left tentacle)
 E - a ring of positive energy (right tentacle)
 F - a +6 ring of dexterity (on tentacle)
 J - a ring of fire
 O - the amulet of Nuykyeje (around mantle) {rPois Regen+}
   (You bought it in a shop on level 9 of the Dungeon)

   [amulet of regeneration]

   rPois:     It protects you from poison Regen+: It increases your rate of
   health regeneration.
 P - a ring of protection from fire (on tentacle)
Talismans
 b - a beast talisman
 c - a flux talisman (active)
Wands
 D - a wand of polymorph (3)
 K - a wand of flame (4) (quivered)
 L - a wand of charming (3)
 N - a wand of mindburst (7)
Scrolls
 e - 5 scrolls of poison {unknown}
 h - 2 scrolls of enchant weapon
 i - a scroll of revelation {unknown}
 l - a scroll of fear
 o - 4 scrolls of brand weapon
 q - 2 scrolls of amnesia
 u - a scroll of vulnerability {unknown}
 w - 2 scrolls of enchant armour
 y - a scroll of fog {unknown}
 B - 2 scrolls of silence
 H - a scroll of torment {unknown}
 I - a scroll of acquirement {unknown}
 M - a scroll of teleportation {unknown}
Potions
 a - 4 potions of lignification
 d - 2 potions of invisibility
 g - a potion of attraction {unknown}
 j - 5 potions of curing
 k - 2 potions of cancellation
 r - 4 potions of enlightenment {unknown}
 t - 2 potions of degeneration {unknown}
 x - a potion of magic
 z - a potion of brilliance
 A - a potion of haste
 C - 2 potions of mutation
 G - a potion of might
 Q - a potion of resistance


   Skills:
 * Level 3.9 Fighting
 + Level 1.9 Throwing
 + Level 7.4 Dodging
 - Level 4.0 Stealth
 + Level 14.8 Unarmed Combat
 + Level 7.8 Shapeshifting


You had 10 spell levels left.
You didn't know any spells.
Your spell library contained the following spells:

 Spells                   Type           Power      Damage    Failure   Level
 Freeze                   Ice            0%         1d3       32%         1
 Magic Dart               Conj           0%         1d3       32%         1
 Searing Ray              Conj           0%         2d4       45%         2
 Frozen Ramparts          Ice            0%         1d1       69%         3
 Hailstorm                Conj/Ice       0%         3d3       69%         3
 Brom's Barrelling Bould  Conj/Erth      0%         2d3       97%         4
 Fulminant Prism          Conj/Hex       0%         3d5       97%         4
 Fireball                 Conj/Fire      0%         3d3       100%        5
 Iskenderun's Battlesphe  Conj           0%         2d6       100%        5
 Conjure Ball Lightning   Conj/Air       0%         3x3d6     100%        6
 Orb of Destruction       Conj           0%         9d5       100%        7


Dungeon Overview and Level Annotations

Branches:
Dungeon (10/15)            Temple (1/1) D:7            Lair (1/5) D:10
  Sewer (visited)
    Orc: D:9-12

Altars:
Ashenzari
Cheibriados
Dithmenos
Elyvilon
Fedhas
Gozag
Hepliaklqana
Kikubaaqudgha
Makhleb
Nemelex Xobeh
Okawaru
Qazlal
Ru
Sif Muna
Trog
Uskayaw
Vehumet
Wu Jian
Xom
Yredelemnul
Zin
The Shining One

Shops:
D:2 (([**   D:5 :   D:9 *=


Innate Abilities, Weirdness & Mutations

You are something dangerously unstable.
You glow with magical radiation, making you easy to see and hit.
Foes you strike become dangerously contaminated with magical radiation.
You are incapable of wielding weapons or throwing items.
You cannot wear most types of armour.
You are amphibious.
You can wear up to eight rings at the same time.
Your skin changes colour to match your surroundings (Stealth+).
Your rubbery body absorbs attacks. (AC +1, EV +1)
((You are camouflaged when in or above water. (Stealth+)))
You have tentacles for arms and can constrict up to eight enemies at once.


Message History

You constrict the bullfrog.
The bullfrog hits you but does no damage.
You tentacle-slap the bullfrog.
The bullfrog glows dangerously bright.
You squeeze the bullfrog.
The bullfrog is almost dead.
You constrict the bullfrog.
You kill the bullfrog!
You now have 360 gold pieces (gained 7).
A cane toad comes into view.
The cane toad croaks.
You see here a potion of invisibility.
d - 2 potions of invisibility (gained 1)
Found a scroll labelled SOTULY GOUJUAPO.
The cane toad completely misses you.
You tentacle-slap the cane toad but do no damage.
The cane toad begins to glow.
You grab the cane toad. You constrict the cane toad. The cane toad stings you!!
You are poisoned.
The cane toad poisons you!
You completely miss the cane toad.
You squeeze the cane toad, but do no damage.
The cane toad is lightly wounded.
You constrict the cane toad, but do no damage.
You feel very sick. The cane toad stings you!!
You are too injured to fight recklessly!
You are too injured to fight recklessly!
You tentacle-slap the cane toad.
The cane toad glows dangerously bright.
The cane toad is lightly wounded.
You constrict the cane toad, but do no damage.
You feel sick. The cane toad misses you.
You bludgeon the cane toad!
The cane toad shudders as magic cascades through it.
The cane toad twists and deforms.
The cane toad is moderately wounded.
You constrict the cane toad.
You feel very sick. The cane toad stings you!!
You die...
Your body crumbles into a pile of gold.

?.## ...#### ####......#
##P.........
#...........
###...........#
##.....F.......
#.=....p......#
................
#..............## ##
...............# #.#
#..............# #...
#..............# ##....
#..............##......
##....).....##.........#
............###........#


You could see a cane toad (misshapen).

Vanquished Creatures
  Pikel (D:5)
  6 elephants (Lair:1)
  A black mamba (Lair:1)
  A cane toad (Lair:1)
  An unseen horror (D:10)
  A komodo dragon (Lair:1)
  A troll (D:10)
  2 hornets
  A shadow (D:9)
  17 yaks
  2 wyverns
  Grum (D:8)
  Eustachio (D:4)
  2 vampire mosquitoes (D:10)
  A water moccasin (D:9)
  2 acid dragons (D:10)
  Duvessa (D:7)
  A black bear (D:4)
  2 orc warriors
  A hornet zombie (D:6)
  An ice beast (D:6)
  3 sky beasts
  An ogre (D:4)
  4 wolves (D:8)
  A centaur (D:4)
  5 phantoms
  2 lemures (D:5)
  3 kobold brigands
  5 bullfrogs
  3 scorpions
  A water moccasin zombie (D:6)
  2 wyvern zombies (D:6)
  17 wights
  Dowan (D:7)
  4 killer bees (D:10)
  5 howler monkeys
  2 centaur zombies (D:6)
  A bullfrog zombie (D:6)
  3 hounds (D:5)
  3 jellies
  An orc priest (D:5)
  A bullfrog skeleton (D:6)
  A sleepcap (D:3)
  5 iguanas
  Natasha (D:4)
  4 orc wizards
  A hell rat (Sewer)
  A killer bee zombie (D:6)
  2 howler monkey zombies (D:6)
  8 adders
  5 gnolls
  4 river rats (Sewer)
  2 white imps (D:8)
  A worm (D:3)
  A dart slug (D:2)
  36 orcs
  7 endoplasms
  4 giant cockroaches
  12 goblins
  4 hobgoblins
  6 jackals
  25 kobolds
  4 quokkas
  12 ball pythons
  2 bats (D:1)
  3 frilled lizards
  9 rats
275 creatures vanquished.

Notes
Turn   | Place    | Note
-------+----------+-------------------------------------------
     0 | D:1      | monsoonserge the Octopode Shapeshifter began the quest for
                  | the Orb.
     0 | D:1      | Reached XP level 1. HP: 13/13 MP: 1/1
   220 | D:1      | Reached XP level 2. HP: 18/18 MP: 2/2
   658 | D:2      | Found Taruumo's General Store.
   666 | D:2      | Bought a potion of might for 52 gold pieces
   690 | D:2      | Found Ypopew's General Store.
   742 | D:2      | Found Piurael's Antique Weapon Boutique.
   802 | D:2      | Reached skill level 1 in Stealth
   848 | D:2      | Found Vas Gone's Antique Weapon Shop.
   887 | D:2      | Reached XP level 3. HP: 23/23 MP: 3/3
   888 | D:2      | Found Ysopoux's Armour Emporium.
  1412 | D:2      | Found a faded altar of an unknown god.
  1473 | D:2      | Bought a potion of curing for 33 gold pieces
  1514 | D:3      | Reached XP level 4. HP: 28/28 MP: 4/4
  1599 | D:3      | Reached skill level 4 in Unarmed Combat
  1996 | D:3      | Found a stormy altar of Qazlal.
  2034 | D:3      | Found a glowing golden altar of the Shining One.
  2130 | D:3      | Found a large runed translucent door.
  2131 | D:3      | Found a large runed translucent door.
  2248 | D:2      | Bought 5 curare-tipped darts for 78 gold pieces
  2457 | D:3      | Reached XP level 5. HP: 33/33 MP: 5/5
  2664 | D:3      | Found a glowing silver altar of Zin.
  2677 | D:3      | Found a basalt altar of Yredelemnul.
  2708 | D:4      | Noticed an ogre
  2730 | D:4      | Noticed Eustachio
  2909 | D:4      | Reached skill level 5 in Unarmed Combat
  2909 | D:4      | Reached XP level 6. HP: 16/38 MP: 2/6
  3036 | D:4      | Noticed an orc warrior
  3095 | D:3      | HP: 1/38 [sleepcap (7)]
  3235 | D:4      | Noticed a black bear
  3259 | D:5      | Entered Level 5 of the Dungeon
  3259 | D:5      | Noticed Pikel
  3262 | D:5      | Found a glowing drain.
  3267 | Sewer    | Entered a sewer
  3441 | D:5      | Killed Pikel
  3442 | D:5      | Reached skill level 7 in Unarmed Combat
  3442 | D:5      | Reached XP level 7. HP: 25/43 MP: 4/7
  3461 | D:5      | Reached XP level 8. HP: 15/48 MP: 3/8
  3579 | D:5      | Found Iqeydd's Tremendous Tomes.
  3792 | D:5      | Reached skill level 8 in Unarmed Combat
  4376 | D:4      | Noticed Natasha
  4706 | D:2      | Bought a scroll of silence for 104 gold pieces
  4895 | D:4      | Reached skill level 9 in Unarmed Combat
  5057 | D:4      | Killed Eustachio
  5187 | D:4      | Reached XP level 9. HP: 34/54 MP: 5/9
  5467 | D:4      | Killed Natasha
  5582 | D:4      | Reached skill level 5 in Shapeshifting
  5594 | D:4      | Found a bloodstained altar of Trog.
  5746 | D:6      | Reached skill level 10 in Unarmed Combat
  5918 | D:6      | Reached skill level 1 in Throwing
  6114 | D:6      | Reached skill level 11 in Unarmed Combat
  6256 | D:6      | Reached skill level 5 in Dodging
  6998 | D:6      | Reached XP level 10. HP: 38/61 MP: 6/10
  7225 | D:7      | Noticed Dowan
  7334 | D:7      | Found a staircase to the Ecumenical Temple.
  7356 | Temple   | Entered the Ecumenical Temple
  7364 | Temple   | Became a worshipper of Gozag Ym Sagoz the Greedy
  7532 | D:7      | Noticed Duvessa
  7808 | D:8      | Found a burning altar of Makhleb.
  8149 | D:8      | Reached skill level 12 in Unarmed Combat
  8607 | D:8      | Noticed Grum
  8618 | D:8      | Killed Grum
  9479 | D:9      | Paralysed by a hornet for 1 turns
  9710 | D:9      | Reached skill level 13 in Unarmed Combat
  9915 | D:9      | Reached XP level 11. HP: 61/67 MP: 9/11
  9959 | D:9      | Found Enaod's Jewellery Boutique.
 10018 | D:9      | Found Fiysyewk's Assorted Antiques.
 10407 | D:10     | Entered Level 10 of the Dungeon
 10436 | D:10     | HP: 3/65 [poisoned by a killer bee]
 11027 | D:10     | Found a staircase to the Lair.
 11702 | D:9      | Bought the amulet of Nuykyeje {rPois Regen+} for 659 gold
                  | pieces
 11912 | Lair:1   | Entered Level 1 of the Lair of Beasts
 11940 | Lair:1   | Reached skill level 14 in Unarmed Combat
 12631 | D:2      | Bought a potion of resistance for 110 gold pieces
 12772 | D:7      | Killed Duvessa
 12775 | D:7      | Killed Dowan
 13017 | Lair:1   | Slain by a cane toad

Illustrated notes

Levels and vault maps discovered:
D:1:      heliophobic_arrival_battle_scene, layout_rooms, serial_glass,
          glass_columns_c, glass_columns_b, glass_columns_a
D:2:      layout_loops_ring, serial_shops, nicolae_shop_statue_plus,
          nicolae_shop_pleasant_corner_grove, shop, shop, shop,
          shapermc_ecumenical_altar_mp_vishouse
D:3:      layout_loops_corners, tso_altar, jmf_multi_god_temple2,
          nicolae_qazlal_scattered_showers
D:4:      kennysheep_the_goblin_king, layout_gridville, lightli_temple_of_fire,
          hangedman_minor_gate_pass, uniq_natasha, uniq_eustachio
D:5:      minmay_bubble_buster, layout_cave_pools,
          mainiacjoe_sewer_entry_somewhere_in_here_1,
          nicolae_shop_i_like_big_books, uniq_pikel
D:6:      layout_basic, serial_undead, serial_undead_e, serial_undead_b,
          serial_undead_a, serial_undead_c, columned_hall_lemuel
D:7:      layout_cave_pods, minmay_temple_entry_statues_pillars, uniq_duvessa
D:8:      layout_loops_ring, bloody_makhleb, uniq_grum
D:9:      layout_basic, serial_shops, shop, nicolae_shop_gaudy_bauble
D:10:     layout_loops_ring, lair_entry_dummy
Temple:   compressed_dpeg_triangle_lava_temple
Lair:1:   layout_cave_pods, grunt_megastairs_5, infiniplex_staircase_pool,
          serial_bayou_shore_b, uniq_nergalle, uniq_maggie, uniq_joseph

Skill      XL: |  1  2  3  4  5  6  7  8  9 10 11 |
---------------+----------------------------------+-----
Stealth        | 1 2 3 4 |  4.0
Unarmed Combat | 4 5 7 9 11 13 14 | 14.8
Dodging        | 3 4 5 6 7 |  7.4
Shapeshifting  | 4 5 6 7 |  7.8
Fighting       | 2 3 |  3.9
Throwing       | 1 |  1.9

Action                     |  1- 3 |  4- 6 |  7- 9 | 10-12 || total
---------------------------+-------+-------+-------+-------++-------
  Melee: Unarmed           |    63 |   120 |   200 |   318 ||   701
         Constrict         |    15 |    33 |    40 |    57 ||   145
         Tentacles         |     9 |    33 |    52 |   100 ||   194
         Punch             |     1 |     4 |    15 |    17 ||    37
  Throw: Dart              |       |     2 |     4 |     2 ||     8
         Boomerang         |       |       |       |     6 ||     6
  Evoke: Wand              |       |       |       |     1 ||     1
    Use: Scroll            |       |     5 |     5 |     6 ||    16
         Potion            |       |     3 |       |     1 ||     4
   Stab: Sleeping          |     4 |    12 |    11 |     5 ||    32
         Distracted        |       |       |       |     5 ||     5
 Armour: Skin              |    23 |    44 |   101 |   128 ||   296
  Dodge: Dodged            |    35 |    46 |   137 |   165 ||   383
   Form: Flux              |       |       |       |     1 ||     1

Table legend: (Time is in decaauts)
 A = Elapsed time spent in this place.
 B = Non-inter-level travel time spent in this place.
 C = Inter-level travel time spent in this place.
 D = Time resting spent in this place.
 E = Time spent auto-exploring this place.
 F = Levels seen in this place.
 G = Mean time per level.
                   A        B        C        D        E       F      G
               +--------+--------+--------+--------+--------+-----+--------+
         Total |  12919 |  11618 |   1301 |   2397 |   5231 |  13 |  993.8 |
       Dungeon |  12292 |  11020 |   1272 |   2287 |   5147 |  10 | 1229.2 |
        Temple |     16 |      2 |     14 |      0 |      0 |   1 |   16.0 |
          Lair |    452 |    438 |     14 |     50 |     84 |   1 |  452.0 |
         Sewer |    157 |    157 |      0 |     60 |      0 |   1 |  157.0 |
               +--------+--------+--------+--------+--------+-----+--------+

Top non-repeatable levels by time:
     D:9: 1676 daAuts
     D:3: 1481 daAuts
     D:6: 1404 daAuts
    D:10: 1367 daAuts
     D:8: 1358 daAuts
     D:4: 1309 daAuts
     D:5: 1250 daAuts
     D:2: 976 daAuts
     D:7: 864 daAuts
     D:1: 603 daAuts
  Lair:1: 452 daAuts
   Sewer: 157 daAuts
  Temple: 16 daAuts
